AoeStats
← MisMi.GarreroJaguar

Arabian Desert

509901430Analyzed
1v1 RM · 4d ago on Sep 28, 2026· 18m 41s· 2 players
Game mode
Random Map
Map size
Tiny (2 player)
Population
200
Speed
Normal
Resources
Standard
Victory
Conquest
Starting age
Dark Age
Ending age
Imperial Age
RankedLock teamsTeams togetherTeam positionsShared explorationLock speedFull tech treeHidden civsTurbo modeCheats
Victory
Defeat
🇲🇽 Celts · Mexico
992
+17
🇪🇸 Teutons · Spain
1006
-17
MisMi.GarreroJaguar
7:31 Loom
10:03 Feudal Age
11:04 Man-at-Arms
15:08 Scale Mail Armor
16:27 Forging
18:30 Double-Bit Axe
Loretin
9:48 Feudal Age
10:33 Double-Bit Axe
10:51 Horse Collar
15:08 Man-at-Arms
Connection lost

Rejoining the realm…

Still unreachable

The connection could not be restored.

Session expired

The server has moved on; the page needs a fresh start.